TOP OF THE 1ST |
Dayton Dragons batting - Pitching for Peoria Chiefs : RHP Andrew Ray
|
Pitching: RHP Andrew Ray
|
|
Batting: LHB Fernando Gomez
|
0-0: Fly out, F7 (Flyball, 78D, EV 106.2 MPH)
|
Batting: RHB Pedro Pinero
|
0-0: Foul Ball, location: 2F 0-1: Ball 1-1: Ball 2-1: Ground out 4-3 (Groundball, 34, EV 90.6 MPH)
|
Batting: LHB Chris Redhead
|
0-0: Called Strike 0-1: Called Strike 0-2: Foul Ball, location: 2F 0-2: Foul Ball, location: 2F 0-2: Ball 1-2: Strikes out swinging
|
Top of the 1st over - 0 runs, 0 hits, 0 errors, 0 left on base; Dayton 0 - Peoria 0 |
BOTTOM OF THE 1ST |
Peoria Chiefs batting - Pitching for Dayton Dragons : LHP Juan Garcia
|
Pitching: LHP Juan Garcia
|
|
Batting: RHB Robby Hickman
|
0-0: Called Strike 0-1: Foul Ball, location: 2F 0-2: Ball 1-2: Hit by Pitch
|
Batting: LHB Jorge Zarazua
|
0-0: Swinging Strike 0-1: Ball 1-1: Ball 2-1: Fielders Choice at 2nd, 3-6 (Groundball, 3, EV 98.1 MPH)
|
Batting: RHB Jose Jimenez
|
0-0: Ball 1-0: Fly out, F8 (Flyball, 8LXD, EV 98.1 MPH)
|
Batting: LHB Travis Ruppel
|
0-0: Called Strike 0-1: Ball 1-1: Ball 2-1: Ground out 1-3 (Groundball, 13S, EV 60.6 MPH)
|
Bottom of the 1st over - 0 runs, 0 hits, 0 errors, 1 left on base; Dayton 0 - Peoria 0 |
TOP OF THE 2ND |
Dayton Dragons batting - Pitching for Peoria Chiefs : RHP Andrew Ray
|
Batting: RHB Joe Kooyers
|
0-0: Ground out 1-3 (Groundball, 15S, EV 66.2 MPH)
|
Batting: LHB Phil Lomax
|
0-0: Ball 1-0: SINGLE (Groundball, 56D, EV 105.0 MPH)
|
Batting: RHB Felipe Pineda
|
0-0: Foul Ball, location: 2F 0-1: Ball Phil Lomax steals 2nd base 1-1: Foul Ball, location: 2F 1-2: Foul Ball, location: 2F 1-2: Fly out, F8 (Flyball, 8LXD, EV 91.9 MPH) Runner from 2nd tags up, SAFE at 3rd, no throw by CF
|
Batting: RHB Rongo Olopoto
|
0-0: Ball 1-0: Called Strike 1-1: Swinging Strike 1-2: Strikes out swinging, 2-3 out at first.
|
Top of the 2nd over - 0 runs, 1 hit, 0 errors, 1 left on base; Dayton 0 - Peoria 0 |
BOTTOM OF THE 2ND |
Peoria Chiefs batting - Pitching for Dayton Dragons : LHP Juan Garcia
|
Batting: RHB Tommy Boudreaux
|
0-0: Swinging Strike 0-1: Foul Ball, location: 2F 0-2: Foul Ball, location: 2F 0-2: Ball 1-2: Ball 2-2: Ground out 5-3 (Groundball, 56, EV 95.6 MPH)
|
Batting: RHB Kalidas Mishra
|
0-0: Called Strike 0-1: Ball 1-1: Called Strike 1-2: Ball 2-2: Fly out, F3 (Flyball, 3D, EV 93.1 MPH)
|
Batting: RHB Chris Norris
|
0-0: Called Strike 0-1: Ball 1-1: Called Strike 1-2: Ball 2-2: Ball 3-2: Strikes out swinging
|
Bottom of the 2nd over - 0 runs, 0 hits, 0 errors, 0 left on base; Dayton 0 - Peoria 0 |
TOP OF THE 3RD |
Dayton Dragons batting - Pitching for Peoria Chiefs : RHP Andrew Ray
|
Batting: RHB Jung-keun Bai
|
0-0: Ball 1-0: Ball 2-0: Called Strike 2-1: Reached on error, E1 (Groundball, 34S, EV 75.6 MPH)
|
Batting: RHB Pat Mage
|
0-0: Ball 1-0: Called Strike 1-1: Swinging Strike 1-2: Strikes out swinging
|
Batting: LHB Fernando Gomez
|
0-0: Foul Ball, location: 2F 0-1: Ground out U3 (Groundball, 3L, EV 101.9 MPH) Jung-keun Bai to third
|
Batting: RHB Pedro Pinero
|
0-0: Called Strike 0-1: Ball 1-1: Called Strike 1-2: Ball 2-2: Ground out 4-3 (Groundball, 34D, EV 91.9 MPH)
|
Top of the 3rd over - 0 runs, 0 hits, 1 error, 1 left on base; Dayton 0 - Peoria 0 |
BOTTOM OF THE 3RD |
Peoria Chiefs batting - Pitching for Dayton Dragons : LHP Juan Garcia
|
Batting: RHB Tim Jobe
|
0-0: Ball 1-0: Ground out 6-3 (Groundball, 6, EV 85.0 MPH)
|
Batting: RHB Tim Cleary
|
0-0: Ball 1-0: Foul Ball, location: 2F 1-1: Ball 2-1: Swinging Strike 2-2: Foul Ball, location: 2F 2-2: Ground out 5-3 (Groundball, 56S, EV 71.2 MPH)
|
Batting: RHB Robby Hickman
|
0-0: Ball 1-0: Swinging Strike 1-1: Ball 2-1: Called Strike 2-2: Ball 3-2: Base on Balls
|
Batting: LHB Jorge Zarazua
|
0-0: Called Strike 0-1: Swinging Strike 0-2: Ball 1-2: Strikes out swinging
|
Bottom of the 3rd over - 0 runs, 0 hits, 0 errors, 1 left on base; Dayton 0 - Peoria 0 |
TOP OF THE 4TH |
Dayton Dragons batting - Pitching for Peoria Chiefs : RHP Andrew Ray
|
Batting: LHB Chris Redhead
|
0-0: Ball 1-0: Ball 2-0: Called Strike 2-1: Ball 3-1: Base on Balls
|
Batting: RHB Joe Kooyers
|
0-0: Called Strike 0-1: Foul Ball, location: 2F 0-2: Ball 1-2: SINGLE (Flyball, 3D, EV 93.1 MPH) Chris Redhead to second
|
Batting: LHB Phil Lomax
|
0-0: Swinging Strike 0-1: Ball 1-1: Called Strike 1-2: Ball 2-2: Ball 3-2: Fielders Choice at 2nd, 1-6 (Groundball, 13, EV 70.6 MPH) Chris Redhead to third
|
Batting: RHB Felipe Pineda
|
0-0: Called Strike 0-1: Ball 1-1: Swinging Strike 1-2: Ball 2-2: Ball 3-2: Strikes out swinging
|
Batting: RHB Rongo Olopoto
|
0-0: Ball 1-0: Swinging Strike 1-1: Foul Ball, location: 2F 1-2: Strikes out looking
|
Top of the 4th over - 0 runs, 1 hit, 0 errors, 2 left on base; Dayton 0 - Peoria 0 |
BOTTOM OF THE 4TH |
Peoria Chiefs batting - Pitching for Dayton Dragons : LHP Juan Garcia
|
Batting: RHB Jose Jimenez
|
0-0: Ball 1-0: Ball 2-0: Called Strike 2-1: Foul Ball, location: 2F 2-2: Ball 3-2: Base on Balls
|
Batting: LHB Travis Ruppel
|
0-0: Ball 1-0: SINGLE (Line Drive, 7S, EV 90.6 MPH) Jose Jimenez to second
|
Batting: RHB Tommy Boudreaux
|
0-0: Called Strike 0-1: Swinging Strike 0-2: Ball 1-2: Strikes out swinging
|
Batting: RHB Kalidas Mishra
|
0-0: Ball 1-0: Ball 2-0: Ball 3-0: Fly out, F7 (Flyball, 7LM, EV 101.2 MPH) Runner from 2nd tags up, SAFE at 3rd with throw by LF
|
Batting: RHB Chris Norris
|
0-0: Foul Ball, location: 2F 0-1: Ball 1-1: Foul Ball, location: 2F 1-2: Ball 2-2: Ball 3-2: Foul Ball, location: 2F 3-2: Foul Ball, location: 2F 3-2: Fly out, F4 (Popup, 34D, EV 75.6 MPH)
|
Bottom of the 4th over - 0 runs, 1 hit, 0 errors, 2 left on base; Dayton 0 - Peoria 0 |
TOP OF THE 5TH |
Dayton Dragons batting - Pitching for Peoria Chiefs : RHP Andrew Ray
|
Batting: RHB Jung-keun Bai
|
0-0: Ball 1-0: Swinging Strike 1-1: Ball 2-1: Reached on error, E4 (Groundball, 4, EV 82.5 MPH)
|
Batting: RHB Pat Mage
|
0-0: Called Strike 0-1: Ball 1-1: Ground out 5-3 (Groundball, 56S, EV 88.1 MPH) Jung-keun Bai to second
|
Batting: LHB Fernando Gomez
|
0-0: Ball 1-0: Called Strike 1-1: Ball 2-1: SINGLE (Groundball, 6MD, EV 98.8 MPH) Jung-keun Bai to third Runner from 3rd tries for Home, SAFE, throw by CF to home
|
Batting: RHB Pedro Pinero
|
0-0: Ball Wild Pitch! Fernando Gomez to second 1-0: Ground out 4-3 (Groundball, 4, EV 87.5 MPH) Fernando Gomez to third
|
Batting: LHB Chris Redhead
|
0-0: Ball 1-0: SINGLE (Line Drive, 8LS, EV 93.8 MPH) Fernando Gomez scores
|
Batting: RHB Joe Kooyers
|
0-0: Ball 1-0: Ball 2-0: Called Strike 2-1: Called Strike 2-2: Foul Ball, location: 2F 2-2: Ball 3-2: Ground out U3 (Groundball, 3L, EV 90.6 MPH)
|
Top of the 5th over - 2 runs, 2 hits, 1 error, 1 left on base; Dayton 2 - Peoria 0 |
BOTTOM OF THE 5TH |
Peoria Chiefs batting - Pitching for Dayton Dragons : LHP Juan Garcia
|
Batting: RHB Tim Jobe
|
0-0: Ground out 3-1 (Groundball, 34, EV 101.9 MPH)
|
Batting: RHB Tim Cleary
|
0-0: Ball 1-0: Ball 2-0: Ball 3-0: Base on Balls
|
Batting: RHB Robby Hickman
|
0-0: Called Strike 0-1: Called Strike Tim Cleary is caught stealing 2nd base 2-4 0-2: Strikes out swinging
|
Bottom of the 5th over - 0 runs, 0 hits, 0 errors, 0 left on base; Dayton 2 - Peoria 0 |
TOP OF THE 6TH |
Dayton Dragons batting - Pitching for Peoria Chiefs : RHP Andrew Ray
|
Batting: LHB Phil Lomax
|
0-0: Ball 1-0: Called Strike 1-1: Ball 2-1: SINGLE (Groundball, 34D, EV 102.5 MPH)
|
Batting: RHB Felipe Pineda
|
0-0: Called Strike Phil Lomax is caught stealing 2nd base 2-4 0-1: Foul Ball, location: 2F 0-2: Strikes out looking
|
Batting: RHB Rongo Olopoto
|
0-0: Foul Ball, location: 2F 0-1: Ball 1-1: Ground out 5-3 (Groundball, 5, EV 83.8 MPH)
|
Top of the 6th over - 0 runs, 1 hit, 0 errors, 0 left on base; Dayton 2 - Peoria 0 |
BOTTOM OF THE 6TH |
Peoria Chiefs batting - Pitching for Dayton Dragons : LHP Juan Garcia
|
Batting: LHB Jorge Zarazua
|
0-0: Ball 1-0: Ball 2-0: Called Strike 2-1: Ground out U3 (Groundball, 3, EV 98.1 MPH)
|
Pitching: LHP John Maher
|
|
Batting: RHB Jose Jimenez
|
0-0: Ball 1-0: Called Strike 1-1: Ground out 6-3 (Groundball, 6, EV 92.5 MPH)
|
Batting: LHB Travis Ruppel
|
0-0: Called Strike 0-1: Ball 1-1: Foul Ball, location: 2F 1-2: Foul Ball, location: 2F 1-2: Ground out 6-3 (Groundball, 6M, EV 89.4 MPH)
|
Bottom of the 6th over - 0 runs, 0 hits, 0 errors, 0 left on base; Dayton 2 - Peoria 0 |
TOP OF THE 7TH |
Dayton Dragons batting - Pitching for Peoria Chiefs : RHP Andrew Ray
|
Pitching: RHP Nick Peters
|
|
Batting: RHB Jung-keun Bai
|
0-0: Foul Ball, location: 2F 0-1: Ball 1-1: Called Strike 1-2: Strikes out swinging
|
Batting: RHB Pat Mage
|
0-0: Foul Ball, location: 2F 0-1: Ball 1-1: Called Strike 1-2: Ball 2-2: Strikes out swinging
|
Batting: LHB Fernando Gomez
|
0-0: Foul Ball, location: 2F 0-1: Swinging Strike 0-2: Strikes out looking
|
Top of the 7th over - 0 runs, 0 hits, 0 errors, 0 left on base; Dayton 2 - Peoria 0 |
BOTTOM OF THE 7TH |
Peoria Chiefs batting - Pitching for Dayton Dragons : LHP John Maher
|
Batting: RHB Tommy Boudreaux
|
0-0: Called Strike 0-1: Ball 1-1: DOUBLE (Line Drive, 9LD, EV 114.4 MPH)
|
Batting: RHB Kalidas Mishra
|
0-0: Foul Ball, location: 2F 0-1: Called Strike 0-2: Fly out, F8 (Line Drive, 89M, EV 89.4 MPH)
|
Batting: RHB Chris Norris
|
0-0: Ball 1-0: Ball 2-0: SINGLE (Groundball, 6MD, EV 100.0 MPH) Tommy Boudreaux to third Runner from 3rd tries for Home, SAFE, throw by CF to home
|
Batting: RHB Tim Jobe
|
0-0: Called Strike 0-1: Ball 1-1: Ball 2-1: Foul Ball, location: 2F 2-2: Reached on error, E3 (Groundball, 3, EV 90.0 MPH) Chris Norris to second
|
Batting: RHB Tim Cleary
|
0-0: Called Strike 0-1: Foul Ball, location: 2F 0-2: Ball 1-2: Ground out 3-1 (Groundball, 34, EV 83.8 MPH) Chris Norris to third Tim Jobe to second
|
Batting: RHB Robby Hickman
|
0-0: Called Strike 0-1: Swinging Strike 0-2: Ball 1-2: Ball 2-2: Fly out, F4 (Popup, 4, EV 58.8 MPH)
|
Bottom of the 7th over - 1 run, 2 hits, 1 error, 2 left on base; Dayton 2 - Peoria 1 |
TOP OF THE 8TH |
Dayton Dragons batting - Pitching for Peoria Chiefs : RHP Nick Peters
|
Batting: RHB Pedro Pinero
|
0-0: Ground out 5-3 (Groundball, 56, EV 85.0 MPH)
|
Batting: LHB Chris Redhead
|
0-0: Ball 1-0: Ball 2-0: Called Strike 2-1: Ball 3-1: Called Strike 3-2: Base on Balls
|
Batting: RHB Joe Kooyers
|
0-0: Ball 1-0: Called Strike 1-1: Called Strike Chris Redhead is caught stealing 2nd base 2-4 1-2: SINGLE (Groundball, 25, EV 66.2 MPH) (infield hit)
|
Batting: LHB Phil Lomax
|
0-0: Ball 1-0: Called Strike 1-1: Foul Ball, location: 2F 1-2: Foul Ball, location: 2F 1-2: Foul Ball, location: 2F 1-2: Ball 2-2: Strikes out swinging
|
Top of the 8th over - 0 runs, 1 hit, 0 errors, 1 left on base; Dayton 2 - Peoria 1 |
BOTTOM OF THE 8TH |
Peoria Chiefs batting - Pitching for Dayton Dragons : LHP John Maher
|
Pitching: RHP Jeremy Whooley
|
|
Batting: LHB Jorge Zarazua
|
0-0: Called Strike 0-1: Foul Ball, location: 2F 0-2: Ball 1-2: Ball 2-2: Ball 3-2: Fly out, F6 (Popup, 6M, EV 53.8 MPH)
|
Batting: RHB Jose Jimenez
|
0-0: Called Strike 0-1: Foul Ball, location: 2F 0-2: Foul Ball, location: 2F 0-2: Ball 1-2: Strikes out looking
|
Pitching: LHP Dave Schmidt
|
|
Pinch Hitting: RHB Fekadu Alhaadi
|
0-0: Called Strike 0-1: Fly out, F9 (Flyball, 9S, EV 77.5 MPH)
|
Bottom of the 8th over - 0 runs, 0 hits, 0 errors, 0 left on base; Dayton 2 - Peoria 1 |
TOP OF THE 9TH |
Dayton Dragons batting - Pitching for Peoria Chiefs : RHP Nick Peters
|
Pitching: RHP Adrian Frazier
|
|
Now in LF: Fekadu Alhaadi
|
|
Now in RF: Jose Jimenez
|
|
Pinch Hitting: RHB Mark Williams
|
0-0: Called Strike 0-1: Ground out U3 (Groundball, 34, EV 105.0 MPH)
|
Batting: RHB Rongo Olopoto
|
0-0: Foul Ball, location: 2F 0-1: Ball 1-1: Foul Ball, location: 2F 1-2: Strikes out looking
|
Batting: RHB Jung-keun Bai
|
0-0: Ball 1-0: Ball 2-0: Called Strike 2-1: Ball 3-1: Foul Ball, location: 2F 3-2: Base on Balls
|
Batting: RHB Pat Mage
|
0-0: Ball 1-0: Foul Ball, location: 2F 1-1: Swinging Strike 1-2: Strikes out swinging
|
Top of the 9th over - 0 runs, 0 hits, 0 errors, 1 left on base; Dayton 2 - Peoria 1 |
BOTTOM OF THE 9TH |
Peoria Chiefs batting - Pitching for Dayton Dragons : LHP Dave Schmidt
|
Pitching: RHP Brian Trejo
|
|
Now in RF: Brian Snyder
|
|
Batting: RHB Tommy Boudreaux
|
0-0: Ball 1-0: Ball 2-0: Ground out 4-3 (Groundball, 4, EV 100.6 MPH)
|
Batting: RHB Kalidas Mishra
|
0-0: Foul Ball, location: 2F 0-1: Swinging Strike 0-2: Strikes out looking
|
Batting: RHB Chris Norris
|
0-0: Foul Ball, location: 2F 0-1: Called Strike 0-2: Ground out 4-3 (Groundball, 4, EV 107.5 MPH)
|
Bottom of the 9th over - 0 runs, 0 hits, 0 errors, 0 left on base; Dayton 2 - Peoria 1 |
|